 Dungeon Crawl Stone Soup version 0.28-b1-25-g9875b3fc8c (webtiles) character file.

Game seed: 8852941065700997836

2039 inmateoo the Cleaver (level 9, 0/78 HPs)
             Began as a Minotaur Fighter on Feb 7, 2022.
             Was a Priest of Okawaru.
             Slain by a centaur warrior (8 damage)
             ... on level 8 of the Dungeon.
             The game lasted 00:05:58 (7020 turns).

inmateoo the Cleaver (Minotaur Fighter)             Turns: 7020, Time: 00:05:59

Health: 0/78       AC: 14    Str: 25    XL:     9   Next: 4%
Magic:  8/8        EV:  8    Int:  5    God:    Okawaru [***...]
Gold:   268        SH: 13    Dex: 10    Spells: 8/8 levels left

rFire   . . .      SeeInvis .   a - +1 war axe
rCold   . . .      Faith    .   p - +0 tower shield
rNeg    . . .      Spirit   .   b - +0 scale mail
rPois   .          Reflect  .   (helmet restricted)
rElec   .          Harm     .   x - +0 cloak
rCorr   .          Rampage  .   g - +0 pair of gloves
Will    .....                   (no boots)
Stlth   ..........              n - amulet of the acrobat
HPRegen 0.23/turn               r - +4 ring of protection
MPRegen 0.11/turn               (no ring)

@: no status effects
A: horns 2, retaliatory headbutt
a: Renounce Religion, Heroism


You were on level 8 of the Dungeon.
You worshipped Okawaru.
Okawaru was most pleased with you.
You visited 2 branches of the dungeon, and saw 9 of its levels.

You collected 268 gold pieces.

Inventory:

Hand Weapons
 a - a +1 war axe (weapon)
 f - a +2 dagger of electrocution
Armour
 b - a +0 scale mail (worn)
 g - a +0 pair of gloves (worn)
 p - a +0 tower shield (worn)
 x - a +0 cloak (worn)
Jewellery
 n - an amulet of the acrobat (around neck)
 r - a +4 ring of protection (left hand)
 B - a +4 ring of protection
Wands
 v - a wand of iceblast (11)
 y - a wand of polymorph (6)
Scrolls
 h - 6 scrolls of teleportation
 i - a scroll of fear
 k - a scroll of amnesia {unknown}
 m - a scroll of immolation {unknown}
 t - a scroll of enchant weapon
 A - a scroll of vulnerability {unknown}
Potions
 c - a potion of haste
 d - a potion of might
 e - 2 potions of magic
 j - a potion of curing
 l - a potion of heal wounds
 o - a potion of flight {unknown}
 q - a potion of berserk rage {unknown}
 s - 2 potions of resistance {unknown}
 u - a potion of brilliance
 w - a potion of invisibility {unknown}
 z - a potion of attraction {unknown}


   Skills:
 + Level 6.8 Fighting
 * Level 8.6 Axes
 + Level 6.7 Armour
 + Level 4.6 Dodging
 + Level 6.8 Shields
 + Level 1.1 Invocations


You had 8 spell levels left.
You didn't know any spells.
Your spell library contained the following spells:

 Spells                   Type           Power      Damage    Failure   Level
 Beastly Appendage        Tmut           0%         N/A       100%        1
 Slow                     Hex            0%         N/A       100%        1
 Wereblood                Tmut           0%         N/A       100%        2
 Confusing Touch          Hex            0%         N/A       100%        3
 Spider Form              Tmut/Pois      0%         N/A       100%        3
 Vampiric Draining        Necr           0%         2d6       100%        3
 Summon Small Mammal      Summ           Unusable   N/A       N/A         1
 Call Canine Familiar     Summ           Unusable   N/A       N/A         3
 Summon Guardian Golem    Hex/Summ       Unusable   N/A       N/A         3

Dungeon Overview and Level Annotations

Branches:
Dungeon (8/15)             Temple (1/1) D:4
   Lair: D:8-11

Altars:
Ashenzari
Cheibriados
Dithmenos
Elyvilon
Fedhas
Gozag
Hepliaklqana
Kikubaaqudgha
Makhleb
Nemelex Xobeh
Okawaru
Qazlal
Ru
Sif Muna
Uskayaw
Vehumet
Wu Jian
Xom
Yredelemnul
Zin
The Shining One

Annotations:
D:4 2 transporters, Subaru's ghost, amateur HODe


Innate Abilities, Weirdness & Mutations

You have a pair of horns on your head.
You reflexively headbutt those who attack you in melee.


Message History

You block the centaur warrior's attack. x2
The centaur warrior kicks you but does no damage.
You slash the centaur warrior!
The centaur warrior is heavily wounded.
The centaur warrior hits you. You block the centaur warrior's attack.
The centaur warrior hits you. The centaur warrior barely misses you.
You closely miss the centaur warrior.
Your headbutt misses the centaur warrior.
The centaur warrior is heavily wounded.
The centaur warrior hits you.
* * * LOW HITPOINT WARNING * * *
The centaur warrior kicks you but does no damage.
The centaur warrior hits you.
* * * LOW HITPOINT WARNING * * *
The centaur warrior kicks you but does no damage.
You are too injured to fight recklessly!
You slash the centaur warrior!
The centaur warrior is severely wounded.
You block the centaur warrior's attack.
The centaur warrior kicks you but does no damage.
The centaur warrior barely misses you.
The centaur warrior completely misses you.
You hit the centaur warrior but do no damage.
The centaur warrior is severely wounded.
You block the centaur warrior's attack. The centaur warrior barely misses you.
The centaur warrior hits you.
* * * LOW HITPOINT WARNING * * *
You block the centaur warrior's attack.
You slash the centaur warrior! You headbutt the centaur warrior.
The centaur warrior is almost dead.
The centaur warrior hits you!
* * * LOW HITPOINT WARNING * * *
The centaur warrior kicks you but does no damage.
The centaur warrior hits you but does no damage.
The centaur warrior kicks you but does no damage.
Okay, then.
You closely miss the centaur warrior.
The centaur warrior is almost dead.
The centaur warrior hits you!
You die...

#. ####.## ######. ..
... #......##.###..
$.............#
..........# #.#
...).....####.######..
.......<.†............
.......†##....c.......
.............@#..#....
........########.... .
........# ##..<.
........# ...
........# .. ......>.#
.


You could see a centaur warrior.

Vanquished Creatures
  A shadow (D:8)
  A wyvern (D:8)
  A steam dragon (D:7)
  A water moccasin (D:5)
  An ice beast (D:6)
  2 ogres
  A sky beast (D:4)
  A centaur (D:6)
  A bullfrog (D:8)
  A scorpion (D:5)
  6 killer bees
  A centaur zombie (D:6)
  A bullfrog zombie (D:5)
  2 orc priests
  A centaur skeleton (D:6)
  2 hounds
  A jelly (D:3)
  Ijyb (D:3)
  2 iguanas (D:7)
  A bullfrog skeleton (D:6)
  Natasha (thrice) (D:2)
  2 orc wizards
  A killer bee zombie (D:6)
  3 gnolls (D:5)
  2 howler monkey skeletons
  6 adders
  2 white imps
  2 ufetubi
  4 dart slugs
  8 worms
  12 orcs
  8 ball pythons
  4 endoplasms
  2 giant cockroaches
  5 hobgoblins
  4 jackals (D:1)
  12 kobolds
  6 quokkas
  5 bats
  3 frilled lizards
  6 goblins
  4 rats (D:1)
133 creatures vanquished.

Notes
Turn   | Place    | Note
-------+----------+-------------------------------------------
     0 | D:1      | inmateoo the Minotaur Fighter began the quest for the Orb.
     0 | D:1      | Reached XP level 1. HP: 19/19 MP: 0/0
   107 | D:1      | Reached XP level 2. HP: 25/27 MP: 1/1
   238 | D:1      | Reached skill level 3 in Axes
   333 | D:1      | Found a faded altar of an unknown god.
   633 | D:1      | Reached XP level 3. HP: 28/33 MP: 2/2
   933 | D:2      | Noticed Natasha
   938 | D:2      | Killed Natasha
   961 | D:2      | Noticed Natasha
   971 | D:2      | Killed Natasha
   972 | D:2      | Reached XP level 4. HP: 24/40 MP: 3/3
  1124 | D:2      | Reached skill level 4 in Axes
  1132 | D:2      | Noticed Natasha
  1143 | D:2      | Killed Natasha
  1710 | D:3      | Noticed Ijyb
  1758 | D:3      | Killed Ijyb
  1759 | D:3      | Reached XP level 5. HP: 21/47 MP: 4/4
  2079 | D:4      | Noticed a sky beast
  2099 | D:4      | Killed a sky beast
  2100 | D:4      | Reached skill level 1 in Dodging
  2325 | D:4      | Reached skill level 5 in Axes
  2325 | D:4      | Reached XP level 6. HP: 45/53 MP: 5/5
  2906 | D:3      | Reached skill level 5 in Shields
  3034 | D:3      | Found a sparkling altar of Nemelex Xobeh.
  3034 | D:3      | Found a basalt altar of Yredelemnul.
  3196 | D:4      | Reached skill level 5 in Fighting
  3196 | D:4      | Reached skill level 5 in Armour
  3277 | D:4      | Found a transporter.
  3284 | D:4      | Found a staircase to the Ecumenical Temple.
  3285 | D:4      | Noticed Subaru's ghost (amateur HODe)
  3291 | Temple   | Entered the Ecumenical Temple
  3628 | D:4      | Found a glowing golden altar of the Shining One.
  3636 | D:4      | Found a blossoming altar of Fedhas.
  3643 | D:4      | Found an iron altar of Okawaru.
  3651 | D:4      | Became a worshipper of Warmaster Okawaru
  3745 | D:4      | Found a transporter.
  3766 | D:5      | Entered Level 5 of the Dungeon
  3786 | D:5      | Reached XP level 7. HP: 51/61 MP: 6/6
  3838 | D:5      | Reached skill level 6 in Axes
  4240 | D:5      | Reached * piety under Okawaru
  4756 | D:5      | Reached skill level 7 in Axes
  4756 | D:5      | Reached XP level 8. HP: 58/70 MP: 7/7
  5767 | D:7      | Reached ** piety under Okawaru
  5768 | D:7      | Reached skill level 8 in Axes
  7001 | D:8      | Noticed a centaur warrior
  7011 | D:8      | Reached *** piety under Okawaru
  7012 | D:8      | Reached skill level 1 in Invocations
  7012 | D:8      | Reached XP level 9. HP: 31/78 MP: 8/8
  7020 | D:8      | Slain by a centaur warrior

Illustrated notes

Levels and vault maps discovered:
D:1:      nzn_arrival_depleted_hourglass, layout_basic,
          shapermc_ecumenical_altar_mp_highgroup
D:2:      layout_loops_cross, minmay_hexomino_u4, uniq_natasha
D:3:      minmay_chambers_of_twos, layout_rooms, gammafunk_temple_overflow_wave,
          uniq_ijyb
D:4:      layout_rooms, minmay_overflow_temple_star_quad,
          minmay_temple_entry_butterflies, serial_glass, glass_columns_b,
          glass_columns_a, gammafunk_ghost_smash, nrook_campfire
D:5:      layout_basic, nicolae_wormholes
D:6:      layout_basic
D:7:      layout_loops_ring, serial_co_window_serial, co_window_paths_a,
          co_window_paths_a, co_window_paths_a, co_window_paths_a,
          co_window_paths_a, co_window_paths_a, co_window_cross_1,
          co_window_of_opportunity_a, co_window_corner_a,
          co_window_of_opportunity_c, co_window_of_opportunity_b,
          co_window_broadway_c, co_window_unsneaky_path_c, co_window_4corner_a,
          glass_columns_c, glass_columns_c
D:8:      layout_rooms, lemuel_coloured_pillars_altar
Temple:   eino_temple_scatter_basement

Skill      XL: |  1  2  3  4  5  6  7  8 |
---------------+-------------------------+-----
Axes           | 3 4 5 7 8 |  8.6
Shields        | 4 5 6 |  6.8
Fighting       | 4 5 6 |  6.8
Armour         | 4 5 6 |  6.7
Dodging        | 1 2 3 4 |  4.6
Invocations    | 1 |  1.1

Action                   |  1- 3 |  4- 6 |  7- 9 || total
-------------------------+-------+-------+-------++-------
Melee: War axe           |    66 |   191 |   149 ||   406
       Headbutt          |     8 |    22 |    19 ||    49
  Use: Scroll            |       |     8 |     1 ||     9
       Potion            |       |       |     1 ||     1
Armor: Scale mail        |    30 |    98 |    96 ||   224
Dodge: Dodged            |    29 |    60 |    70 ||   159
Block: Buckler           |    15 |     3 |       ||    18
       Tower shield      |       |   126 |   132 ||   258
